Map: [ESL] Dragon Scales

Players

Dolan

  • Race: Terran Terran
  • Spawn Location: 11:00

Vindicta - Winner!

  • Race: Terran Terran
  • Spawn Location: 5:00

Event: ESL SC2 Masters 2023 Summer (Regionals)

VOD

Have the link to the VOD?

Description

Time

  • Played on: May 4, 2023, 2:46 p.m.
  • Length: 13:27

All games in this series

Show
View Real Time Build Order
Export as new Build Order

Dolan Terran 

Build Orders:  

Get SALT Encoding   

  12  0:00  SCV  
  13  0:12  SCV  
  14  0:16  Supply Depot  
  14  0:24  SCV  
  15  0:38  Barracks, SCV  
  15  0:42  Refinery  
  16  0:50  SCV  
  16  0:52  Refinery  
  17  1:02  SCV  
  18  1:14  SCV  
  19  1:25  Reaper  
  20  1:26  Orbital Command  
  20  1:32  Supply Depot  
  20  1:41  Factory  
  20  1:52  SCV  
  21  1:57  Reaper  
  22  2:04  SCV  
  23  2:16  SCV  
  23  2:21  Command Center  
  24  2:26  Hellion  
  24  2:29  Barracks Reactor  
  26  2:31  SCV  
  27  2:40  Supply Depot  
  27  2:43  SCV  
  28  2:48  Factory Tech Lab  
  28  2:51  Starport  
  28  2:56  SCV  
  29  3:06  Marine x2  
  29  3:08  Cyclone  
  34  3:17  SCV  
  35  3:24  Marine x2  
  37  3:27  Starport Tech Lab  
  37  3:32  SCV  
  37  3:33  Orbital Command  
  38  3:34  Refinery  
  38  3:44  SCV  
  38  3:46  Raven  
  38  3:47  Marine x2  
  43  3:56  Siege Tank  
  43  3:57  Supply Depot  
  43  4:02  SCV x2  
  48  4:07  Marine x2  
  50  4:14  SCV x2  
  52  4:21  Raven  
  52  4:23  Supply Depot  
  54  4:26  SCV x2  
  54  4:31  Marine x2  
  55  4:32  Siege Tank  
  60  4:38  SCV x2  
  60  4:51  Command Center  
  60  4:54  SCV x2  
  62  5:03  Barracks  
  62  5:07  SCV x2  
  64  5:09  Barracks  
  64  5:12  Starport Reactor, Supply Depot  
  64  5:16  Stimpack  
  64  5:20  SCV x2  
  66  5:27  Marine, Siege Tank  
  70  5:32  Supply Depot  
  70  5:33  SCV x2  
  72  5:40  Engineering Bay  
  72  5:41  Engineering Bay  
  72  5:45  SCV x2  
  74  5:58  SCV x2  
  74  5:59  Starport Reactor  
  74  6:00  Marine x2  
  74  6:01  Marine x3, Siege Tank  
  84  6:09  Terran Infantry Weapons Level 1, Refinery, Terran Infantry Armor Level 1  
  84  6:13  SCV x2  
  86  6:22  Marine x5  
  86  6:25  Orbital Command, SCV x2  
  91  6:32  Supply Depot  
  93  6:38  Medivac x2  
  97  6:40  Siege Tank  
  97  6:45  Supply Depot  
  100  6:47  SCV  
  100  6:54  SCV  
  102  6:55  Supply Depot  
  102  6:56  SCV  
  102  6:57  Marine x4  
  102  6:58  Marine  
  102  6:59  SCV  
  109  7:04  Supply Depot  
  109  7:06  Supply Depot  
  109  7:07  SCV  
  110  7:08  Medivac x2  
  114  7:18  SCV x2  
  114  7:19  SCV  
  114  7:22  Combat Shield  
  117  7:23  Marine x5  
  117  7:24  Siege Tank  
  117  7:28  Sensor Tower  
  125  7:34  Barracks  
  125  7:36  Barracks, SCV x3  
  128  7:42  Armory  
  128  7:47  Marine x4  
  128  7:48  Marine  
  133  7:52  Medivac x2  
  133  7:54  SCV x2  
  133  7:55  SCV, Refinery x2  
  139  8:11  Marine x2  
  139  8:12  Marine x3  
  135  8:14  SCV x3  
  138  8:24  Barracks Reactor x2  
  138  8:25  Command Center  
  138  8:26  SCV x3  
  141  8:28  Supply Depot  
  141  8:37  Marine  
  141  8:39  Marine  
  141  8:42  Marine x3  
  136  8:49  Siege Tank  
  136  8:50  Medivac x2  
  136  8:53  Supply Depot  
  136  8:54  Supply Depot  
  144  8:57  Marine  
  144  9:00  Marine x4  
  144  9:02  Marine x2  
  148  9:04  Marine  
  148  9:05  Terran Infantry Weapons Level 2, Terran Vehicle Weapons Level 1, Terran Infantry Armor Level 2  
  148  9:07  Factory  
  148  9:09  Supply Depot  
  149  9:14  Marine  
  149  9:15  Barracks Reactor  
  148  9:17  Marine  
  148  9:18  Marine x2  
  148  9:22  Marine x3  
  149  9:34  Marine x2  
  149  9:35  Marine  
  149  9:36  Marine x2  
  151  9:39  Marine  
  151  9:40  Marine x2  
  154  9:48  Siege Tank  
  154  9:49  Barracks x2, Medivac x2  
  154  9:51  Barracks  
  154  9:52  Marine x2  
  161  9:53  Marine x3  
  161  9:57  SCV x2  
  161  9:58  SCV  
  169  10:03  Marine x4, Sensor Tower  
  173  10:17  Marine x4  
  173  10:19  Marine x2  
  179  10:24  Medivac, Siege Tank x2, Planetary Fortress  
  187  10:43  Marine  
  188  10:51  Marine x3  
  188  11:00  Barracks Reactor x2, Supply Depot  
  188  11:01  Barracks Reactor  
  188  11:02  Supply Depot  
  188  11:05  Supply Depot  
  188  11:06  Terran Vehicle Weapons Level 2  
  188  11:12  Supply Depot  
  188  11:18  Marine  
  188  11:20  SCV x2, Medivac, Marine x3  
  188  11:21  Marine, SCV x2  
  188  11:22  Marine, Siege Tank x2  
  173  11:28  Marine x3  
  173  11:32  SCV  
  161  11:33  Marine, SCV x3  
  153  11:40  Marine  
  153  11:41  Marine x3  
  153  11:42  Marine  
  153  11:43  Marine x3  
  153  11:45  Marine  
  153  11:46  Marine x2  
  153  11:47  Marine  
  128  11:48  Marine x3, Medivac  
  128  11:50  Marine, Medivac  
  131  11:54  Siege Tank x2  
  131  11:58  Marine  
  131  11:59  Marine x3  
  131  12:00  Marine x4  
  145  12:03  Marine  
  145  12:04  Marine x3  
  145  12:06  Marine x3, Command Center  
  152  12:08  Marine  
  153  12:16  Marine  
  153  12:17  Marine x3  
  153  12:18  Marine x4  
  153  12:21  Marine  
  153  12:22  Marine x2  
  164  12:25  Marine  
  164  12:26  Marine x4, Siege Tank x2  
  172  12:33  Marine  
  158  12:54  Marine x10  
  158  12:55  Medivac  
  148  13:05  Marine  
Show
View Real Time Build Order
Export as new Build Order

Vindicta Terran - Winner!

Build Orders:  

Get SALT Encoding   

  12  0:00  SCV  
  13  0:12  SCV  
  14  0:17  Supply Depot  
  14  0:24  SCV  
  15  0:39  SCV  
  15  0:40  Barracks  
  16  0:43  Refinery  
  16  0:51  SCV  
  16  0:54  Refinery  
  17  1:03  SCV  
  18  1:15  SCV  
  19  1:27  Reaper  
  19  1:28  Orbital Command  
  20  1:33  Supply Depot  
  20  1:42  Factory  
  20  1:53  SCV  
  21  1:59  Reaper  
  22  2:06  SCV  
  23  2:18  SCV  
  24  2:23  Command Center  
  24  2:29  Hellion  
  26  2:30  SCV  
  26  2:34  Reaper  
  28  2:43  SCV, Supply Depot  
  29  2:52  Starport  
  29  2:54  Widow Mine  
  31  3:05  SCV  
  32  3:06  Barracks Reactor  
  32  3:15  Refinery  
  32  3:17  SCV  
  33  3:20  Factory Tech Lab  
  33  3:29  SCV, Starport Tech Lab  
  34  3:35  Orbital Command  
  34  3:40  Cyclone  
  36  3:41  SCV  
  36  3:45  Marine x2  
  39  3:53  SCV  
  40  3:58  Raven  
  40  4:01  SCV  
  43  4:03  Marine x2  
  43  4:07  Supply Depot  
  43  4:08  SCV  
  46  4:13  SCV  
  46  4:14  Siege Tank  
  50  4:19  Supply Depot  
  50  4:20  SCV, Marine  
  52  4:25  SCV  
  52  4:29  Marine  
  52  4:32  Raven, SCV  
  52  4:37  SCV  
  56  4:38  Marine  
  56  4:41  Supply Depot  
  56  4:45  SCV  
  58  4:49  Siege Tank  
  58  4:52  SCV  
  60  4:58  SCV  
  61  5:04  SCV, Command Center, Supply Depot  
  62  5:10  SCV  
  63  5:16  SCV  
  63  5:17  Stimpack  
  63  5:20  Viking  
  66  5:22  Viking, Refinery  
  66  5:23  SCV  
  66  5:26  Marine  
  70  5:28  SCV  
  70  5:30  Siege Tank  
  70  5:34  Supply Depot  
  70  5:35  SCV  
  75  5:40  SCV  
  76  5:43  Marine  
  76  5:47  SCV  
  76  5:48  Barracks  
  78  5:52  Barracks  
  78  5:53  SCV  
  78  5:54  Viking  
  81  5:57  Viking  
  81  6:00  Supply Depot  
  81  6:01  SCV  
  84  6:06  Siege Tank  
  87  6:16  Orbital Command  
  87  6:21  SCV x2  
  87  6:22  Marine  
  87  6:23  Engineering Bay x2  
  90  6:30  Viking  
  92  6:33  SCV x2, Viking  
  92  6:39  Siege Tank  
  99  6:40  Barracks Reactor  
  99  6:45  SCV x2  
  101  6:48  Barracks Reactor  
  101  6:53  Terran Infantry Weapons Level 1, SCV, Terran Infantry Armor Level 1  
  103  6:57  SCV x2  
  103  6:58  Supply Depot  
  104  7:02  Combat Shield  
  104  7:04  Marine  
  104  7:05  SCV  
  106  7:09  SCV x2  
  106  7:14  Siege Tank  
  111  7:17  Marine x2  
  111  7:21  Supply Depot  
  111  7:22  SCV, Marine  
  115  7:25  Marine  
  115  7:26  Marine, Refinery x2  
  115  7:28  SCV  
  117  7:30  Sensor Tower  
  117  7:31  Barracks, SCV  
  117  7:32  Barracks, Medivac  
  117  7:35  Marine x2  
  122  7:37  SCV  
  122  7:40  SCV  
  122  7:41  Marine  
  122  7:43  SCV, Marine  
  122  7:44  Marine  
  126  7:48  Siege Tank  
  126  7:49  SCV  
  131  7:52  Marine  
  131  7:55  Supply Depot  
  132  7:59  Supply Depot  
  132  8:00  Armory, SCV  
  132  8:01  Supply Depot  
  133  8:10  SCV  
  133  8:15  Supply Depot  
  133  8:16  Marine x5  
  133  8:17  Medivac x2  
  133  8:19  Command Center  
  141  8:22  Barracks Reactor  
  142  8:31  Barracks Reactor  
  142  8:32  Siege Tank  
  144  8:34  Marine  
  144  8:35  Marine x2  
  144  8:36  Marine x2  
  144  8:38  SCV  
  150  8:46  SCV  
  150  8:47  SCV, Supply Depot  
  152  8:48  Terran Infantry Weapons Level 2, Terran Infantry Armor Level 2  
  152  8:52  Marine  
  152  8:53  Marine x2  
  152  8:54  Marine x2  
  157  8:59  Marine  
  157  9:00  Marine  
  158  9:04  Medivac x2  
  158  9:07  SCV, Factory  
  158  9:08  Marine, Terran Vehicle Weapons Level 1  
  164  9:10  Marine  
  164  9:11  Marine x2  
  164  9:12  Marine  
  164  9:13  SCV  
  170  9:19  Siege Tank, Supply Depot  
  170  9:21  Marine x2  
  170  9:23  Marine  
  166  9:26  Marine  
  166  9:27  Marine  
  166  9:29  Marine x2, Barracks Reactor  
  166  9:30  Marine  
  168  9:39  Marine x2  
  168  9:41  Marine  
  168  9:44  Marine, Medivac x2  
  176  9:45  Marine  
  176  9:47  Marine x3  
  176  9:49  SCV  
  176  9:50  SCV  
  176  9:51  SCV  
  183  9:55  Siege Tank  
  183  9:56  Marine, Sensor Tower  
  183  9:57  Marine  
  184  10:02  Marine  
  184  10:03  Marine  
  184  10:06  Marine x2  
  188  10:07  Marine  
  188  10:10  SCV  
  188  10:11  Sensor Tower  
  193  10:15  Liberator  
  193  10:19  Planetary Fortress  
  194  10:22  Marine  
  194  10:24  Viking  
  194  10:25  Marine  
  194  10:27  Supply Depot  
  194  10:28  Refinery  
  194  10:32  Marine  
  190  10:38  Marine  
  190  10:41  Marine  
  192  10:46  Refinery  
  191  10:50  SCV x2  
  191  10:51  SCV  
  191  10:53  Siege Tank  
  191  10:54  Liberator  
  198  10:57  SCV  
  198  10:58  Refinery  
  198  10:59  Marine, Missile Turret  
  198  11:00  Missile Turret  
  200  11:21  Siege Tank  
  200  11:22  Marine x2, Missile Turret  
  200  11:23  Marine x2, Missile Turret  
  200  11:24  Missile Turret  
  200  11:25  Marine x2  
  188  11:26  Marine  
  188  11:27  Marine x3  
  188  11:31  Liberator  
  188  11:39  Siege Tank  
  185  11:40  Marine x2  
  185  11:43  Marine  
  171  11:48  Command Center  
  171  11:51  Marine x2  
  171  11:52  SCV, Marine x2  
  171  11:54  Marine x3  
  176  11:57  SCV x2, Marine  
  176  11:59  SCV  
  183  12:03  Marine  
  183  12:04  SCV  
  185  12:09  SCV  
  185  12:11  Marine  
  185  12:15  Marine  
  188  12:16  Marine  
  188  12:18  Marine x2  
  188  12:20  Marine  
  192  12:23  Siege Tank  
  192  12:27  Marine x2, SCV  
  192  12:28  SCV  
  199  12:37  Barracks x2, Command Center  
  196  12:40  Marine, Siege Tank  
  196  12:41  Marine  
  196  12:45  Marine x2  
  196  12:48  Marine  
  196  12:50  Marine  
  199  12:52  Marine x2  
  199  12:53  Marine  
  173  12:59  Marine x3  
  173  13:03  Marine x2  
  175  13:06  Marine  
  175  13:08  Marine  
Tags
 
Add a new tag
Caveats
  • Supply blocks, unpowered buildings, or Contaminate may cause inaccurate times.
  • Supply counts are checked every 10 seconds.